Map: Proxima Station LE

Players

Musumeci - Winner!

  • Race: Zerg Zerg
  • League: Diamond
  • Spawn Location: 1:00

MichyMoko

  • Race: Zerg Zerg
  • Spawn Location: 7:00

VOD

Have the link to the VOD?

Description

Time

  • Played on: March 23, 2017, 3:39 p.m.
  • Length: 14:32
Show
View Real Time Build Order
Export as new Build Order

Musumeci Zerg - Winner!

Build Orders: Hatch First 

Get SALT Encoding   

  12  0:01  Drone  
  13  0:10  Drone  
  14  0:26  Overlord  
  14  0:35  Drone, Extractor  
  15  0:44  Drone x2  
  17  0:57  Hatchery  
  17  1:02  Drone  
  17  1:03  Extractor  
  17  1:16  Spawning Pool  
  16  1:18  Extractor  
  16  1:20  Drone  
  16  1:24  Drone  
  17  1:27  Drone  
  18  1:35  Drone  
  19  1:42  Overlord  
  19  1:57  Drone  
  20  2:02  Queen  
  20  2:05  Zergling x2  
  23  2:08  Queen  
  23  2:12  Drone  
  27  2:15  Drone  
  27  2:21  Metabolic Boost  
  27  2:35  Drone x4  
  31  2:44  Baneling Nest  
  29  2:56  Queen  
  31  3:02  Zergling x6  
  31  3:03  Zergling x2  
  35  3:28  Baneling x2  
  35  3:31  Overlord  
  35  3:48  Roach Warren  
  34  3:50  Drone x10  
  34  3:54  Extractor  
  43  4:05  Overlord  
  43  4:06  Overlord  
  43  4:15  Lair  
  42  4:26  Baneling  
  42  4:28  Drone  
  43  4:38  Drone x2  
  43  4:39  Queen  
  43  4:44  Hatchery  
  46  5:02  Drone x4, Extractor  
  46  5:03  Drone x2  
  46  5:04  Overlord x2  
  51  5:11  Drone x3  
  51  5:12  Extractor  
  51  5:13  Drone x3  
  56  5:21  Glial Reconstitution  
  56  5:22  Roach  
  56  5:24  Evolution Chamber  
  57  5:43  Roach x8  
  57  5:49  Zerg Missile Weapons Level 1  
  73  5:52  Drone x2  
  74  6:18  Baneling  
  76  6:25  Roach  
  76  6:26  Roach x2  
  76  6:27  Overlord x4  
  80  6:34  Overlord x4  
  80  6:38  Drone  
  80  6:47  Roach  
  80  6:48  Roach x6  
  94  7:06  Drone x11  
  105  7:09  Extractor, Ravager x6  
  110  7:21  Roach x2  
  110  7:22  Roach x2  
  118  7:32  Roach x8  
  134  7:45  Drone  
  134  7:46  Drone x3  
  138  7:57  Roach x4  
  146  8:09  Overlord x4  
  146  8:10  Overlord  
  146  8:15  Zerg Missile Weapons Level 2  
  139  8:34  Roach  
  139  8:35  Roach x7  
  146  9:02  Roach x12  
  139  9:27  Roach  
  139  9:28  Roach x8  
  139  9:30  Ravager  
  139  9:31  Ravager x4  
  160  9:37  Extractor  
  150  9:55  Ravager  
  150  9:56  Ravager  
  150  9:57  Ravager x2  
  150  9:58  Ravager  
  155  10:02  Ravager  
  156  10:07  Drone x3  
  156  10:11  Overlord x4  
  159  10:19  Roach x8  
  159  10:20  Extractor  
  174  10:21  Hatchery  
  174  10:22  Extractor  
  174  10:26  Evolution Chamber  
  174  10:27  Infestation Pit  
  170  10:32  Overseer  
  151  11:26  Roach x8  
  151  11:27  Roach x11  
  162  11:57  Roach x8  
  162  11:58  Roach  
  176  12:07  Roach x5  
  176  12:08  Roach x3  
  186  12:12  Ravager x3  
  174  12:27  Hive  
  174  12:28  Zerg Ground Armor Level 1  
  168  12:30  Roach x10  
  146  12:45  Roach x9  
  164  13:19  Roach x15  
  200  13:20  Roach x3  
Show
View Real Time Build Order
Export as new Build Order

MichyMoko Zerg 

Build Orders: Pool First 

Get SALT Encoding   

  12  0:01  Drone  
  13  0:12  Overlord  
  13  0:17  Drone  
  14  0:31  Drone x2  
  14  0:35  Drone  
  17  0:46  Spawning Pool  
  17  0:49  Drone  
  17  0:53  Extractor  
  17  0:56  Drone  
  17  1:18  Hatchery  
  17  1:23  Drone x2  
  18  1:34  Queen  
  20  1:41  Overlord  
  20  1:45  Zergling x2  
  21  1:51  Drone  
  22  2:00  Drone  
  23  2:09  Metabolic Boost  
  23  2:11  Zergling x2  
  24  2:18  Queen  
  26  2:24  Drone  
  27  2:32  Roach Warren  
  27  2:33  Drone  
  27  2:35  Drone  
  28  2:52  Queen  
  30  3:03  Zergling x4  
  30  3:04  Drone x3  
  35  3:06  Drone  
  36  3:16  Overlord x2  
  36  3:38  Roach x4  
  36  3:39  Roach  
  46  3:58  Extractor  
  45  4:04  Lair  
  45  4:10  Roach x3  
  51  4:17  Overlord x2  
  51  4:18  Overlord  
  51  4:34  Ravager  
  52  4:43  Roach x2  
  52  4:44  Roach x2  
  60  4:55  Drone  
  60  4:56  Drone x7  
  68  5:02  Glial Reconstitution  
  68  5:07  Drone x2  
  70  5:16  Evolution Chamber  
  70  5:18  Evolution Chamber  
  68  5:25  Hydralisk Den  
  68  5:27  Drone x4  
  71  5:40  Roach x2  
  71  5:42  Overlord  
  75  5:43  Overlord x2  
  75  5:44  Overlord  
  75  6:02  Ravager  
  75  6:03  Ravager  
  75  6:33  Roach x5  
  75  6:37  Drone x3  
  75  6:38  Drone  
  89  7:05  Extractor x2  
  87  7:14  Hatchery  
  86  7:28  Ravager x5  
  91  7:41  Hydralisk  
  93  7:52  Zergling x12  
  93  7:56  Overlord x6  
  99  8:03  Zerg Missile Weapons Level 1  
  99  8:07  Zerg Ground Armor Level 1  
  99  8:26  Roach x8  
  97  8:41  Roach  
  97  8:42  Roach x6  
  93  8:58  Roach  
  93  8:59  Roach x6  
  100  9:31  Roach  
  100  9:32  Roach x7  
  104  9:54  Queen  
  106  10:04  Ravager x4  
  106  10:05  Ravager x3  
  113  10:08  Hatchery  
  112  10:25  Overlord x2  
  112  10:26  Zergling x6  
  112  10:27  Zergling x8  
  119  10:49  Roach x7  
  108  10:58  Unknown  
  108  11:09  Ravager x3  
  108  11:10  Ravager x4  
  116  11:11  Zergling x6  
  116  11:12  Zergling x12  
  119  11:40  Roach x8  
  119  11:41  Roach x3  
  139  11:54  Unknown  
  130  12:15  Hatchery  
  98  12:42  Roach  
  98  12:43  Roach x12  
  67  12:55  Roach  
  67  12:56  Roach  
  71  13:07  Roach  
  71  13:08  Roach x4  
  71  13:10  Ravager x4  
  71  13:11  Ravager x3  
  88  13:25  Roach  
  88  13:26  Roach x3  
  96  13:32  Roach  
  96  13:33  Roach  
  96  13:34  Ravager  
  101  13:52  Ravager x3  
  101  13:53  Extractor  
  101  13:54  Extractor  
  101  13:55  Zergling x12  
Tags
 
League
Diamond
Matchup
ZvZ
Race
Zerg
Replay Pack
replay pack
Spawn Locations
Cross Positions
Add a new tag
Caveats
  • Supply blocks, unpowered buildings, or Contaminate may cause inaccurate times.
  • Supply counts are checked every 10 seconds.